 Dungeon Crawl Stone Soup version 0.25.1-1-g288607f (webtiles) character file.

Game seed: 6490792022161907560

49 ufetubus the Chopper (level 3, -1/33 HPs)
             Began as a Minotaur Abyssal Knight on July 26, 2020.
             Was a Follower of Lugonu.
             Slain by a gnoll
             ... wielding a +0 flail
              (5 damage)
             ... on level 2 of the Dungeon.
             The game lasted 00:01:46 (1192 turns).

ufetubus the Chopper (Minotaur Abyssal Knight)      Turns: 1192, Time: 00:01:47

Health: -1/33      AC:  3    Str: 17    XL:     3   Next: 53%
Magic:  3/3        EV: 11    Int:  9    God:    Lugonu [*.....]
Gold:   61         SH:  0    Dex:  9    Spells: 2/2 levels left

rFire    . . .     SeeInvis .   a - +1 hand axe
rCold    + . .     Gourm    .   (no shield)
rNeg     . . .     Faith    .   b - +0 leather armour
rPois    .         Spirit   .   (helmet restricted)
rElec    .         Reflect  .   (no cloak)
rCorr    .         Harm     .   (no gloves)
MR       .....                  (no boots)
Stlth    +.........             (no amulet)
HPRegen  0.11/turn              h - ring of protection from cold
MPRegen  0.08/turn              (no ring)

@: no status effects
A: retaliatory headbutt, horns 2
a: Depart the Abyss, Renounce Religion


You were on level 2 of the Dungeon.
You worshipped Lugonu.
Lugonu was aware of your devotion.
You were not hungry.

You visited 1 branch of the dungeon, and saw 2 of its levels.
You visited the Abyss 1 time.

You collected 61 gold pieces.

Inventory:

Hand Weapons
 a - a +1 hand axe (weapon)
Armour
 b - a +0 leather armour (worn)
Jewellery
 h - a ring of protection from cold (left hand)
Scrolls
 e - 2 scrolls of blinking {unknown}
 f - 2 scrolls of amnesia {unknown}
 j - 2 scrolls of remove curse {unknown}
Potions
 d - 2 potions of curing {unknown}
 i - a potion of ambrosia {unknown}
 k - a potion of degeneration {unknown}
Comestibles
 c - a ration


   Skills:
 - Level 3.7 Fighting
 + Level 4.8 Axes
 - Level 2.4 Armour
 - Level 1.1 Dodging
 - Level 1.7 Invocations


You had 2 spell levels left.
You didn't know any spells.
Your spell library was empty.

Dungeon Overview and Level Annotations

Branches:
Dungeon (2/15)

Altars:


Innate Abilities, Weirdness & Mutations

You reflexively headbutt those who attack you in melee.
You have a pair of horns on your head.


Message History

The gnoll hits you with a +0 whip.
* * * LOW HITPOINT WARNING * * *
You hit the gnoll. You headbutt the gnoll.
You kill the gnoll!
Lugonu accepts your kill. The quokka bites you.
* * * LOW HITPOINT WARNING * * *
You miss the quokka. Your headbutt misses the quokka.
The quokka twitches its whiskers.
The quokka barely misses you.
You hit the quokka.
The quokka is almost dead.
The quokka bites you.
* * * LOW HITPOINT WARNING * * *
You hit the quokka.
You kill the quokka!
Lugonu accepts your kill.
You hit the gnoll but do no damage. The gnoll closely misses you.
You hit the gnoll but do no damage. The gnoll hits you with a +0 flail.
You die...

.# .# ..#
##################.<##
<....................+
###########.#.##.#.#.#
#.#.##.# #.#.##.#
#.#.##@# #.#.##g#
#+#..$.# ...... .....
....... ........
..........


You could see a gnoll.

Vanquished Creatures
  2 gnolls (D:2)
  A dart slug (D:1)
  A leopard gecko (D:1)
  A ball python (D:1)
  4 bats (D:1)
  A goblin (D:1)
  7 hobgoblins
  A quokka (D:2)
  3 frilled lizards (D:1)
  5 kobolds (D:1)
  A rat (D:1)
27 creatures vanquished.

Notes
Turn   | Place    | Note
-------+----------+-------------------------------------------
     0 | Abyss:1  | ufetubus the Minotaur Abyssal Knight began the quest for
                  | the Orb.
     0 | Abyss:1  | Reached XP level 1. HP: 19/19 MP: 1/1
    29 | Abyss:1  | Found a hazy altar of Hepliaklqana.
    83 | Abyss:1  | Noticed a flying skull
    83 | Abyss:1  | Noticed a flying skull
    90 | D:1      | Escaped the Abyss
   481 | D:1      | Reached skill level 3 in Axes
   562 | D:1      | Reached * piety under Lugonu
   585 | D:1      | Reached XP level 2. HP: 26/27 MP: 2/2
   702 | D:1      | Reached skill level 4 in Axes
  1176 | D:2      | Reached XP level 3. HP: 33/33 MP: 3/3
  1192 | D:2      | Slain by a gnoll

Illustrated notes

Levels and vault maps discovered:
D:1:      dpeg_arrival_connections, layout_loops_ring, dk_noncrumbling_4
D:2:      kennysheep_six_static_rooms, layout_basic

Skill      XL: |  1  2 |
---------------+-------+-----
Axes           | 3 4 |  4.8
Fighting       | |  3.7
Armour         | |  2.4
Dodging        | |  1.1
Invocations    | |  1.7

Action                   || total
-------------------------++-------
Melee: Hand axe          ||    49
       Headbutt          ||     6
Invok: Depart the Abyss  ||     1
  Eat: Chunk             ||     1
Armor: Leather armour    ||    17
Dodge: Dodged            ||    29
